MLB
WASHINGTON NATIONALS @ TEXAS RANGERS
05/28/2020
 
TOP OF THE 1ST
Washington Nationals batting - Pitching for Texas Rangers : LHP Kolby Allard
Pitching: LHP Kolby Allard
Batting: RHB Trea Turner 0-0: Ball
1-0: Ball
2-0: Ball
3-0: Called Strike
3-1: Base on Balls
Batting: RHB Carter Kieboom 0-0: Called Strike
0-1: Ball
1-1: Foul Ball, location: 2F
1-2: Ball
2-2: Foul Ball, location: 2F
2-2: Foul Ball, location: 2F
2-2: SINGLE (Groundball, 4M, EV 109.4 MPH) (infield hit)
Trea Turner to second
Batting: LHB Juan Soto 0-0: Ball
1-0: Ball
2-0: Called Strike
2-1: Fly out, F7 (Flyball, 7D, EV 81.9 MPH)
Runner from 2nd tags up, SAFE at 3rd, no throw by LF
Batting: RHB Victor Robles 0-0: Ball
1-0: Foul Ball, location: 2F
1-1: DOUBLE (Line Drive, 9LM, EV 95.0 MPH)
Trea Turner scores
Carter Kieboom to third
Runner from 3rd tries for Home, SAFE, no throw by RF
Batting: LHB Eric Thames 0-0: Ball
1-0: Ball
2-0: Called Strike
2-1: Called Strike
2-2: Strikes out looking
Batting: RHB Ryan Zimmerman 0-0: Ball
1-0: Ball
2-0: Called Strike
2-1: Ball
3-1: Base on Balls
Batting: SHB Asdrubal Cabrera 0-0: Swinging Strike
0-1: SINGLE (Line Drive, 7LM, EV 94.4 MPH)
Victor Robles to third
Ryan Zimmerman to second
Runner from 3rd tries for Home, SAFE, throw by LF to home
Batting: RHB Yan Gomes 0-0: Called Strike
0-1: Called Strike
0-2: Ball
1-2: Foul Ball, location: 2F
1-2: Ball
2-2: Foul Ball, location: 2F
2-2: Strikes out swinging
Top of the 1st over - 3 runs, 3 hits, 0 errors, 2 left on base; Washington 3 - Texas 0
BOTTOM OF THE 1ST
Texas Rangers batting - Pitching for Washington Nationals : RHP Max Scherzer
Pitching: RHP Max Scherzer
Batting: RHB Elvis Andrus 0-0: Foul Ball, location: 2F
0-1: Ball
1-1: Ball
2-1: Called Strike
2-2: Strikes out looking
Batting: RHB Matt Duffy 0-0: Ball
1-0: Ball
2-0: Ball
3-0: Called Strike
3-1: Ground out 4-3 (Groundball, 4, EV 88.1 MPH)
Batting: SHB Danny Santana 0-0: SINGLE (Flyball, 6D, EV 91.9 MPH)
Batting: LHB Joey Gallo 0-0: Called Strike
0-1: Ball
1-1: Ball
2-1: Swinging Strike
2-2: Ball
3-2: Strikes out looking
Bottom of the 1st over - 0 runs, 1 hit, 0 errors, 1 left on base; Washington 3 - Texas 0
TOP OF THE 2ND
Washington Nationals batting - Pitching for Texas Rangers : LHP Kolby Allard
Batting: LHB Adam Eaton 0-0: Fly out, F7 (Flyball, 7LS, EV 91.3 MPH)
Batting: RHB Trea Turner 0-0: Ball
1-0: Ball
2-0: Ball
3-0: Base on Balls
Batting: RHB Carter Kieboom 0-0: Ball
1-0: SINGLE (Line Drive, 89S, EV 107.5 MPH)
Trea Turner to second
Batting: LHB Juan Soto 0-0: Called Strike
0-1: Ball
1-1: Foul Ball, location: 2F
1-2: Ball
2-2: Ball
3-2: Foul Ball, location: 2F
3-2: SINGLE (Line Drive, 78M, EV 85.6 MPH)
Trea Turner to third
Carter Kieboom to second
Trea Turner scores
Carter Kieboom to third
Batting: RHB Victor Robles 0-0: Called Strike
0-1: SINGLE (Groundball, 56D, EV 106.9 MPH)
Carter Kieboom scores
Juan Soto to second
Pitching: LHP Joe Palumbo
Batting: LHB Eric Thames 0-0: Ball
1-0: Ball
2-0: Fly out, F9 (Flyball, 9, EV 90.6 MPH)
Batting: RHB Ryan Zimmerman 0-0: Ball
1-0: DOUBLE (Line Drive, 8LXD, EV 103.8 MPH)
Juan Soto scores
Victor Robles to third
Runner from 3rd tries for Home, SAFE, no throw by CF
Batting: SHB Asdrubal Cabrera 0-0: Ball
1-0: Ball
2-0: Ball
3-0: Called Strike
3-1: Base on Balls
Batting: RHB Yan Gomes 0-0: Swinging Strike
0-1: Ball
1-1: Swinging Strike
1-2: Ball
2-2: Strikes out looking
Top of the 2nd over - 4 runs, 4 hits, 0 errors, 2 left on base; Washington 7 - Texas 0
BOTTOM OF THE 2ND
Texas Rangers batting - Pitching for Washington Nationals : RHP Max Scherzer
Batting: LHB Shin-Soo Choo 0-0: Ground out 4-3 (Groundball, 4, EV 81.9 MPH)
Batting: LHB Rougned Odor 0-0: Foul Ball, location: 2F
0-1: SOLO HOME RUN (Flyball, 9D, EV 101.3 MPH), Distance : 394 ft
Batting: RHB Nick Solak 0-0: Ball
1-0: Fly out, F9 (Flyball, 89XD, EV 106.9 MPH)
Batting: LHB Ronald Guzman 0-0: Ball
1-0: Swinging Strike
1-1: Ball
2-1: Ground out U3 (Groundball, 34, EV 88.8 MPH)
Bottom of the 2nd over - 1 run, 1 hit, 0 errors, 0 left on base; Washington 7 - Texas 1
TOP OF THE 3RD
Washington Nationals batting - Pitching for Texas Rangers : LHP Joe Palumbo
Batting: LHB Adam Eaton 0-0: Ball
1-0: Called Strike
1-1: Ball
2-1: SINGLE (Groundball, 4MD, EV 104.4 MPH)
Batting: RHB Trea Turner 0-0: Swinging Strike
0-1: DOUBLE (Groundball, 5L, EV 101.9 MPH)
Adam Eaton to third
Runner from 3rd tries for Home, SAFE, throw by LF to home
Batting: RHB Carter Kieboom 0-0: Ball
1-0: 2-RUN HOME RUN (Flyball, 78XD, EV 112.5 MPH), Distance : 435 ft
Batting: LHB Juan Soto 0-0: Ball
1-0: Ball
2-0: Ball
3-0: Base on Balls
Batting: RHB Victor Robles 0-0: Ball
1-0: Swinging Strike
1-1: Foul Ball, location: 2F
1-2: Fly out, F6 (Popup, P, EV 74.4 MPH)
Batting: LHB Eric Thames 0-0: Swinging Strike
0-1: Called Strike
0-2: Foul Ball, location: 2F
0-2: Strikes out swinging
Batting: RHB Ryan Zimmerman 0-0: Ground out 4-3 (Groundball, 34, EV 101.9 MPH)
Top of the 3rd over - 3 runs, 3 hits, 0 errors, 1 left on base; Washington 10 - Texas 1
BOTTOM OF THE 3RD
Texas Rangers batting - Pitching for Washington Nationals : RHP Max Scherzer
Batting: RHB Robinson Chirinos 0-0: Foul Ball, location: 2F
0-1: Ball
1-1: Ball
2-1: Foul Ball, location: 2F
2-2: Ball
3-2: Strikes out swinging
Batting: RHB Elvis Andrus 0-0: Ball
1-0: Fly out, F8 (Flyball, 78D, EV 105.6 MPH)
Batting: RHB Matt Duffy 0-0: Called Strike
0-1: Called Strike
0-2: Foul Ball, location: 2F
0-2: Ball
1-2: SINGLE (Groundball, 34S, EV 85.0 MPH) (infield hit)
Batting: SHB Danny Santana 0-0: Ball
1-0: Foul Ball, location: 2F
1-1: Ball
2-1: SINGLE (Groundball, 56D, EV 105.6 MPH)
Matt Duffy to second
Batting: LHB Joey Gallo 0-0: DOUBLE (Line Drive, 9LS, EV 93.8 MPH)
Matt Duffy scores
Danny Santana to third
Batting: LHB Shin-Soo Choo 0-0: Foul Ball, location: 2F
0-1: Swinging Strike
0-2: Ball
1-2: Ball
2-2: Strikes out swinging
Bottom of the 3rd over - 1 run, 3 hits, 0 errors, 2 left on base; Washington 10 - Texas 2
TOP OF THE 4TH
Washington Nationals batting - Pitching for Texas Rangers : LHP Joe Palumbo
Batting: SHB Asdrubal Cabrera 0-0: Foul Ball, location: 2F
0-1: Called Strike
0-2: Ball
1-2: Strikes out swinging
Batting: RHB Yan Gomes 0-0: Foul Ball, location: 2F
0-1: Called Strike
0-2: Reached on error, E1 (Groundball, 15S, EV 70.6 MPH)
Pitching: RHP Luis Garcia
Batting: LHB Adam Eaton 0-0: Called Strike
0-1: Swinging Strike
0-2: Ball
1-2: Ball
2-2: Ball
3-2: Base on Balls
Batting: RHB Trea Turner 0-0: Ball
1-0: Swinging Strike
1-1: Swinging Strike
1-2: Strikes out swinging
Batting: RHB Carter Kieboom 0-0: Ball
1-0: Called Strike
1-1: Ball
2-1: Ball
3-1: Swinging Strike
3-2: SINGLE (Groundball, 4MD, EV 104.4 MPH)
Yan Gomes to third
Adam Eaton to second
Yan Gomes scores
Adam Eaton to third
Batting: LHB Juan Soto 0-0: Ball
1-0: Foul Ball, location: 2F
1-1: Ball
2-1: Foul Ball, location: 2F
2-2: Ball
3-2: Foul Ball, location: 2F
3-2: Foul Ball, location: 2F
3-2: Base on Balls
Carter Kieboom to second
Pitching: RHP Rafael Montero
Batting: RHB Victor Robles 0-0: SINGLE (Groundball, 6MD, EV 98.8 MPH)
Adam Eaton scores
Carter Kieboom to third
Juan Soto to second
Runner from 3rd tries for Home, SAFE, throw by CF to home
Batting: LHB Eric Thames 0-0: Called Strike
0-1: Ball
1-1: DOUBLE (Line Drive, 9LD, EV 104.4 MPH)
Juan Soto scores
Victor Robles to third
Batting: RHB Ryan Zimmerman 0-0: Called Strike
0-1: Ball
1-1: Called Strike
1-2: SINGLE (Groundball, 6MD, EV 101.9 MPH)
Victor Robles scores
Eric Thames to third
Runner from 3rd tries for Home, SAFE, throw by CF to home
Batting: SHB Asdrubal Cabrera 0-0: Ball
1-0: DOUBLE (Flyball, 89XD, EV 108.1 MPH)
Ryan Zimmerman to third
Runner from 3rd tries for Home, SAFE, throw by RF to home
Batting: RHB Yan Gomes 0-0: Ball
1-0: Fly out, F9 (Flyball, 9S, EV 89.4 MPH)
Top of the 4th over - 7 runs, 5 hits, 1 error, 1 left on base; Washington 17 - Texas 2
BOTTOM OF THE 4TH
Texas Rangers batting - Pitching for Washington Nationals : RHP Max Scherzer
Batting: LHB Rougned Odor 0-0: Ground out 4-3 (Groundball, 4S, EV 62.5 MPH)
Batting: RHB Nick Solak 0-0: Foul Ball, location: 2F
0-1: TRIPLE (Line Drive, 78XD, EV 98.8 MPH)
Batting: LHB Ronald Guzman 0-0: Fly out, F5 (Popup, 5, EV 66.9 MPH)
Batting: RHB Robinson Chirinos 0-0: Called Strike
0-1: Foul Ball, location: 2F
0-2: Ball
1-2: Ball
Wild Pitch!
Nick Solak scores
2-2: Foul Ball, location: 2F
2-2: Foul Ball, location: 2F
2-2: Fly out, F7 (Line Drive, 7D, EV 90.0 MPH)
Bottom of the 4th over - 1 run, 1 hit, 0 errors, 0 left on base; Washington 17 - Texas 3
TOP OF THE 5TH
Washington Nationals batting - Pitching for Texas Rangers : RHP Rafael Montero
Batting: LHB Adam Eaton 0-0: Ball
1-0: Called Strike
1-1: SINGLE (Groundball, 34D, EV 102.5 MPH)
Batting: RHB Trea Turner 0-0: Called Strike
0-1: SINGLE (Line Drive, 6M, EV 98.1 MPH)
Adam Eaton to second
Batting: RHB Carter Kieboom 0-0: Called Strike
0-1: Ball
1-1: Ball
2-1: Swinging Strike
2-2: Ball
Wild Pitch!
Adam Eaton to third
Trea Turner to second
3-2: Strikes out swinging
Batting: LHB Juan Soto 0-0: Called Strike
0-1: Ball
1-1: Called Strike
1-2: Ball
2-2: Ball
3-2: Foul Ball, location: 2F
3-2: Base on Balls
Pitching: RHP Juan Nicasio
Batting: RHB Victor Robles 0-0: Called Strike
0-1: Ball
1-1: Ball
2-1: Ball
3-1: Base on Balls
Adam Eaton scores
Trea Turner to third
Juan Soto to second
Batting: LHB Eric Thames 0-0: Called Strike
0-1: Called Strike
0-2: Strikes out looking
Batting: RHB Ryan Zimmerman 0-0: Ball
1-0: Ball
2-0: Swinging Strike
2-1: Swinging Strike
2-2: Ball
3-2: SINGLE (Groundball, 6MD, EV 96.9 MPH)
Trea Turner scores
Juan Soto to third
Victor Robles to second
Juan Soto scores
Victor Robles to third
Batting: SHB Asdrubal Cabrera 0-0: Swinging Strike
0-1: Ball
1-1: Ball
2-1: Ball
Wild Pitch!
Victor Robles scores
Ryan Zimmerman to second
3-1: Base on Balls
Batting: RHB Yan Gomes 0-0: Called Strike
0-1: Fly out, F9 (Flyball, 9, EV 91.3 MPH)
Top of the 5th over - 4 runs, 3 hits, 0 errors, 2 left on base; Washington 21 - Texas 3
BOTTOM OF THE 5TH
Texas Rangers batting - Pitching for Washington Nationals : RHP Max Scherzer
Batting: RHB Elvis Andrus 0-0: Foul Ball, location: 2F
0-1: Fly out, F7 (Line Drive, 7, EV 91.3 MPH)
Batting: RHB Matt Duffy 0-0: Ball
1-0: SINGLE (Groundball, 6MD, EV 98.1 MPH)
Batting: SHB Danny Santana 0-0: Ball
1-0: Foul Ball, location: 2F
1-1: Swinging Strike
1-2: Strikes out swinging
Batting: LHB Joey Gallo 0-0: Foul Ball, location: 2F
0-1: Ball
1-1: Ball
2-1: Swinging Strike
2-2: Foul Ball, location: 2F
2-2: Foul Ball, location: 2F
2-2: Foul Ball, location: 2F
2-2: Foul Ball, location: 2F
2-2: Fly out, F9 (Flyball, 89D, EV 101.9 MPH)
Bottom of the 5th over - 0 runs, 1 hit, 0 errors, 1 left on base; Washington 21 - Texas 3
TOP OF THE 6TH
Washington Nationals batting - Pitching for Texas Rangers : RHP Juan Nicasio
Batting: LHB Adam Eaton 0-0: Ball
1-0: Ball
2-0: TRIPLE (Line Drive, 89XD, EV 110.0 MPH)
Batting: RHB Trea Turner 0-0: Called Strike
0-1: Called Strike
0-2: Foul Ball, location: 2F
0-2: Fly out, F3 (Popup, 3SF, EV 73.8 MPH)
Pitching: RHP Andy Ibanez
Batting: RHB Carter Kieboom 0-0: Called Strike
0-1: Ball
1-1: SINGLE (Flyball, 6D, EV 95.0 MPH)
Adam Eaton scores
Batting: LHB Juan Soto 0-0: Ball
1-0: SINGLE (Groundball, 6D, EV 95.6 MPH)
Carter Kieboom to second
Batting: RHB Victor Robles 0-0: Ball
1-0: Called Strike
1-1: Foul Ball, location: 2F
1-2: Foul Ball, location: 2F
1-2: Ball
2-2: Hit by Pitch
Carter Kieboom to third
Juan Soto to second
Pinch Runner at 1st Starlin Castro:
Batting: LHB Eric Thames 0-0: Ball
1-0: Ball
2-0: Ball
3-0: Base on Balls
Carter Kieboom scores
Juan Soto to third
Starlin Castro to second
Batting: RHB Ryan Zimmerman 0-0: Called Strike
0-1: SINGLE (Groundball, 6M, EV 106.3 MPH) (infield hit)
Juan Soto scores
Starlin Castro to third
Eric Thames to second
Batting: SHB Asdrubal Cabrera 0-0: Called Strike
0-1: Ball
1-1: Ball
2-1: Ball
3-1: Base on Balls
Starlin Castro scores
Eric Thames to third
Ryan Zimmerman to second
Batting: RHB Yan Gomes 0-0: Ball
1-0: Ball
2-0: Foul Ball, location: 2F
2-1: SINGLE (Groundball, 4M, EV 101.9 MPH) (infield hit)
Eric Thames scores
Ryan Zimmerman to third
Asdrubal Cabrera to second
Pitching: RHP Willie Calhoun
Batting: LHB Adam Eaton 0-0: Called Strike
0-1: Ball
1-1: Ball
2-1: Foul Ball, location: 2F
2-2: Ball
3-2: Base on Balls
Ryan Zimmerman scores
Asdrubal Cabrera to third
Yan Gomes to second
Batting: RHB Trea Turner 0-0: Ball
1-0: Called Strike
1-1: Ball
2-1: Swinging Strike
2-2: Ball
3-2: Base on Balls
Asdrubal Cabrera scores
Yan Gomes to third
Adam Eaton to second
Batting: RHB Carter Kieboom 0-0: Swinging Strike
0-1: Ball
1-1: Ball
2-1: Foul Ball, location: 2F
2-2: Ball
3-2: Base on Balls
Yan Gomes scores
Adam Eaton to third
Trea Turner to second
Batting: LHB Juan Soto 0-0: Fly out, F7 (Line Drive, 7, EV 98.1 MPH)
Runner from 3rd tags up, SCORES, throw by LF
Batting: RHB Starlin Castro 0-0: Foul Ball, location: 2F
0-1: Ball
1-1: Reached via error on a dropped throw from SS, E4 (Groundball, 6, EV 87.5 MPH)
Trea Turner to third
Carter Kieboom to second
Batting: LHB Eric Thames 0-0: Ball
1-0: Ball
2-0: Called Strike
2-1: Called Strike
2-2: Foul Ball, location: 2F
2-2: Foul Ball, location: 2F
2-2: Ball
3-2: Base on Balls
Trea Turner scores
Carter Kieboom to third
Starlin Castro to second
Batting: RHB Ryan Zimmerman 0-0: Foul Ball, location: 2F
0-1: Ball
1-1: Fly out, F9 (Line Drive, 9, EV 86.3 MPH)
Top of the 6th over - 10 runs, 5 hits, 1 error, 3 left on base; Washington 31 - Texas 3
BOTTOM OF THE 6TH
Texas Rangers batting - Pitching for Washington Nationals : RHP Max Scherzer
Now in CF: Michael A. Taylor
Batting: LHB Shin-Soo Choo 0-0: Swinging Strike
0-1: Ball
1-1: Swinging Strike
1-2: Foul Ball, location: 2F
1-2: Ball
2-2: Foul Ball, location: 2F
2-2: Foul Ball, location: 2F
2-2: Strikes out swinging
Batting: LHB Rougned Odor 0-0: Called Strike
0-1: Foul Ball, location: 2F
0-2: Ball
1-2: Ball
2-2: Foul Ball, location: 2F
2-2: Foul Ball, location: 2F
2-2: Ground out U3 (Groundball, 3L, EV 83.1 MPH)
Batting: RHB Nick Solak 0-0: Called Strike
0-1: Ball
1-1: Ball
2-1: Ball
3-1: Swinging Strike
3-2: Strikes out swinging
Bottom of the 6th over - 0 runs, 0 hits, 0 errors, 0 left on base; Washington 31 - Texas 3
TOP OF THE 7TH
Washington Nationals batting - Pitching for Texas Rangers : RHP Willie Calhoun
Pitching: RHP Scott Heineman
Batting: SHB Asdrubal Cabrera 0-0: SINGLE (Line Drive, 7S, EV 108.8 MPH)
Batting: RHB Yan Gomes 0-0: Called Strike
0-1: Ball
1-1: Fielders Choice at 2nd, 3-6 (Groundball, 34, EV 98.8 MPH)
Batting: LHB Adam Eaton 0-0: Ball
1-0: Called Strike
1-1: Foul Ball, location: 2F
1-2: SINGLE (Line Drive, 7S, EV 101.3 MPH)
Yan Gomes to second
Batting: RHB Trea Turner 0-0: Ball
1-0: Foul Ball, location: 2F
1-1: Ball
2-1: Foul Ball, location: 2F
2-2: Foul Ball, location: 2F
2-2: Grounds into double play, 1-4-3 (Groundball, 15S, EV 60.6 MPH)
Top of the 7th over - 0 runs, 2 hits, 0 errors, 1 left on base; Washington 31 - Texas 3
BOTTOM OF THE 7TH
Texas Rangers batting - Pitching for Washington Nationals : RHP Max Scherzer
Batting: LHB Ronald Guzman 0-0: Called Strike
0-1: Foul Ball, location: 2F
0-2: Strikes out looking
Batting: RHB Robinson Chirinos 0-0: Swinging Strike
0-1: Ball
1-1: Swinging Strike
1-2: Strikes out looking
Batting: RHB Elvis Andrus 0-0: Called Strike
0-1: Ball
1-1: Ball
2-1: Ball
3-1: Foul Ball, location: 2F
3-2: Strikes out swinging
Bottom of the 7th over - 0 runs, 0 hits, 0 errors, 0 left on base; Washington 31 - Texas 3
TOP OF THE 8TH
Washington Nationals batting - Pitching for Texas Rangers : RHP Scott Heineman
Batting: RHB Carter Kieboom 0-0: Called Strike
0-1: Called Strike
0-2: Ball
1-2: Ball
2-2: Strikes out looking
Batting: LHB Juan Soto 0-0: Foul Ball, location: 2F
0-1: Called Strike
0-2: Ball
1-2: Strikes out swinging, 2-3 out at first.
Batting: RHB Michael A. Taylor 0-0: Foul Ball, location: 2F
0-1: Ball
1-1: SINGLE (Line Drive, 6M, EV 108.1 MPH)
Batting: LHB Eric Thames 0-0: Ball
1-0: Swinging Strike
1-1: Ball
2-1: Ball
3-1: Foul Ball, location: 2F
3-2: Foul Ball, location: 2F
3-2: Base on Balls
Michael A. Taylor to second
Pitching: RHP Isiah Kiner-Falefa
Batting: RHB Ryan Zimmerman 0-0: Ball
1-0: Ground out 5-3 (Groundball, 56S, EV 66.9 MPH)
Top of the 8th over - 0 runs, 1 hit, 0 errors, 2 left on base; Washington 31 - Texas 3
BOTTOM OF THE 8TH
Texas Rangers batting - Pitching for Washington Nationals : RHP Max Scherzer
Pitching: RHP Jacob Condra-Bogan
Batting: RHB Matt Duffy 0-0: Called Strike
0-1: Ground out 6-3 (Groundball, 6, EV 111.9 MPH)
Batting: SHB Danny Santana 0-0: Fly out, F4 (Line Drive, 4, EV 70.6 MPH)
Batting: LHB Joey Gallo 0-0: Foul Ball, location: 2F
0-1: Ball
1-1: Ball
2-1: Foul Ball, location: 2F
2-2: Ball
3-2: Strikes out looking
Bottom of the 8th over - 0 runs, 0 hits, 0 errors, 0 left on base; Washington 31 - Texas 3
TOP OF THE 9TH
Washington Nationals batting - Pitching for Texas Rangers : RHP Isiah Kiner-Falefa
Batting: SHB Asdrubal Cabrera 0-0: Ball
1-0: Ball
2-0: Ground out 4-3 (Groundball, 4, EV 105.0 MPH)
Batting: RHB Yan Gomes 0-0: Foul Ball, location: 2F
0-1: Called Strike
0-2: Ball
1-2: Ball
2-2: Ball
3-2: Foul Ball, location: 2F
3-2: SINGLE (Groundball, 4MD, EV 94.4 MPH)
Batting: LHB Adam Eaton 0-0: Swinging Strike
0-1: Ball
1-1: Swinging Strike
1-2: Ball
2-2: Strikes out looking
Batting: RHB Trea Turner 0-0: Called Strike
0-1: Foul Ball, location: 2F
0-2: Fly out, F7 (Line Drive, 7, EV 89.4 MPH)
Top of the 9th over - 0 runs, 1 hit, 0 errors, 1 left on base; Washington 31 - Texas 3
BOTTOM OF THE 9TH
Texas Rangers batting - Pitching for Washington Nationals : RHP Jacob Condra-Bogan
Pitching: LHP Bobby Poyner
Batting: LHB Shin-Soo Choo 0-0: Foul Ball, location: 2F
0-1: Called Strike
0-2: Ball
1-2: Foul Ball, location: 2F
1-2: SINGLE (Groundball, 4D, EV 101.9 MPH)
Batting: LHB Rougned Odor 0-0: Called Strike
0-1: Ball
1-1: Foul Ball, location: 2F
1-2: Strikes out looking
Batting: RHB Nick Solak 0-0: Foul Ball, location: 2F
0-1: Ball
1-1: Grounds into double play, 6-4-3 (Groundball, 6, EV 91.3 MPH)
Bottom of the 9th over - 0 runs, 1 hit, 0 errors, 0 left on base; Washington 31 - Texas 3
Wednesday, June 3rd, 2020 - OOTP Baseball 21.3 Build 54